 Dungeon Crawl Stone Soup version 0.28-a0-48-gfd831c5874 (webtiles) character file.

Game seed: 676976941677069993

1 flotson the Sneak (level 1, -5/18 HPs)
             Began as a Demonspawn Delver on July 29, 2021.
             Killed from afar by a white imp (12 damage)
             ... with a puff of frost
             ... summoned by Natasha
             ... on level 3 of the Dungeon.
             The game lasted 00:00:43 (122 turns).

flotson the Sneak (Demonspawn Delver)                Turns: 122, Time: 00:00:44

Health: -5/18      AC:  5    Str: 12    XL:     1   Next: 16%
Magic:  1/1        EV: 10    Int: 11    God:
Gold:   28         SH:  0    Dex: 14    Spells: 0/0 levels left

rFire   . . .      SeeInvis +   a - +0 hand axe
rCold   . . .      Faith    .   (no shield)
rNeg    . . .      Spirit   .   j - +0 ring mail
rPois   .          Reflect  .   (no helmet)
rElec   .          Harm     .   (no cloak)
rCorr   .          Rampage  .   (no gloves)
Will    .....                   (no boots)
Stlth   ++........              (no amulet)
HPRegen 0.06/turn               e - ring of see invisible
MPRegen 0.07/turn               (no ring)

@: no status effects
A: no striking features
a: no special abilities


You were on level 3 of the Dungeon.
You visited 1 branch of the dungeon, and saw 3 of its levels.

You collected 28 gold pieces.

Inventory:

Hand Weapons
 a - a +0 hand axe (weapon)
Armour
 j - a +0 ring mail (worn)
Jewellery
 e - a ring of see invisible (left hand)
Wands
 g - a wand of digging (3)
Scrolls
 d - 3 scrolls of vulnerability {unknown}
 h - a scroll of enchant armour {unknown}
 i - a scroll of blinking {unknown}
Potions
 f - a potion of haste


   Skills:
 + Level 3.0 Fighting
 + Level 1.8 Axes
 + Level 0.1 Armour
 + Level 1.8 Dodging
 - Level 4.5 Stealth


You couldn't memorise any spells.
You didn't know any spells.
Your spell library contained the following spells:

 Spells                   Type           Power      Damage    Failure   Level
 Summon Guardian Golem    Hex/Summ       0%         N/A       94%         3
 Orb of Destruction       Conj           0%         N/A       100%        7
 Spellforged Servitor     Conj/Summ      0%         N/A       100%        7


Dungeon Overview and Level Annotations

Branches:
Dungeon (5/15)
 Temple: D:4-7

Altars:

Annotations:
D:3 Natasha


Message History

Drop what? 10/52 slots (_ for help) (? for menu, Esc to quit)
You drop a +0 leather armour.
You now have 28 gold pieces (gained 11).
Found a ring mail.
No target in view!
A ball python comes into view.
The ball python hisses angrily.
Natasha, Servant of Life and Death comes into view.
Natasha hisses angrily.
Natasha mumbles some strange words.
You hit the ball python.
The ball python is severely wounded.
The ball python bites you but does no damage.
The ball python grabs you. The ball python constricts you.
Natasha casts a spell.
The ball python bites you. The ball python constricts you.
You closely miss the ball python.
The ball python is severely wounded.
The ball python barely misses you. The ball python constricts you.
You hit the ball python.
You kill the ball python!
Natasha casts a spell.
The white imp gestures at you. The puff of frost misses you.
The crimson imp blinks!
The white imp hits you but does no damage.
You see here a ball python corpse.
You hit the iron imp but do no damage. You hit the white imp.
The white imp barely misses you. The iron imp hits you!
Ouch! That really hurt!
The crimson imp blinks!
You are too injured to fight recklessly!
You are too injured to fight recklessly!
You are too injured to fight recklessly!
You are too injured to fight recklessly!
Unknown command.
As you read the scroll of fog, it crumbles to dust.
The scroll dissolves into smoke.
The white imp gestures at you. The puff of frost hits you!
Ouch! That really hurt!
You die...

#.# ##.... #.##.#
#.##.#
##.##.######
#..........#### #
#§#§..##.....[#.B#
#§§###.#....>....#
####@##
##....>.#...#
#.55##
##.......... #.§h#
#.......... #...#
#.....#.... #.5..
#.####.....[ #....
#.# ##.#... #.....
.# .#### #..... #
#..##.#


You could see an iron imp (summoned), Natasha and a white imp (summoned).

Vanquished Creatures
  A ball python (D:3)
  A kobold (D:4)
2 creatures vanquished.

Notes
Turn   | Place    | Note
-------+----------+-------------------------------------------
     0 | D:5      | flotson the Demonspawn Delver began the quest for the Orb.
     0 | D:5      | Reached XP level 1. HP: 18/18 MP: 1/1
    11 | D:5      | Noticed a water moccasin
   115 | D:3      | Noticed Natasha
   117 | D:3      | Noticed a crimson imp
   119 | D:3      | Noticed an iron imp
   122 | D:3      | Killed from afar by a white imp

Illustrated notes

Levels and vault maps discovered:
D:3:      layout_loops_ring, minmay_tree_intersection, eino_tiny_chamber,
          kennysheep_another_room, uniq_ijyb, uniq_crazy_yiuf_cottage,
          uniq_natasha
D:4:      layout_basic, tgw_xom, lemuel_crystal_altar, temple_hall,
          serial_bayou_pond_c, chequers_serial_rivers_large_a
D:5:      layout_basic, st_stairs_13, minmay_holes, bh_walls_and_bars,
          uniq_grinder

Action                   || total
-------------------------++-------
Melee: Hand axe          ||     5
  Use: Scroll            ||     3
 Stab: Sleeping          ||     1
Armor: Ring mail         ||     2
Dodge: Dodged            ||     3

Table legend: (Time is in decaauts)
 A = Elapsed time spent in this place.
 B = Non-inter-level travel time spent in this place.
 C = Inter-level travel time spent in this place.
 D = Time resting spent in this place.
 E = Time spent auto-exploring this place.
 F = Levels seen in this place.
 G = Mean time per level.
                   A        B        C        D        E       F      G
               +--------+--------+--------+--------+--------+-----+--------+
         Total |    122 |    122 |      0 |      0 |     37 |   3 |   40.7 |
       Dungeon |    122 |    122 |      0 |      0 |     37 |   3 |   40.7 |
               +--------+--------+--------+--------+--------+-----+--------+

Top non-repeatable levels by time:
     D:5: 48 daAuts
     D:4: 38 daAuts
     D:3: 35 daAuts
